 Dungeon Crawl Stone Soup version 0.31-a0-164-g2312942fda (webtiles) character file.

Game seed: 10135101749986745784

914 qw the Skirmisher (level 8, -3/72 HPs)
             Began as a Naga Hunter on June 13, 2023.
             Was an Initiate of Okawaru.
             Slain by a wraith (6 damage)
             ... on level 5 of the Dungeon.
             The game lasted 00:01:26 (4047 turns).

qw the Skirmisher (Naga Hunter)                     Turns: 4047, Time: 00:01:27

Health: -3/72      AC:  8    Str: 13    XL:     8   Next: 9%
Magic:  7/9        EV: 13    Int: 10    God:    Okawaru [......]
Gold:   323        SH:  0    Dex: 17    Spells: 7/7 levels left

rFire   . . .        Y - +2 shortbow
rCold   . . .        (shield currently unavailable)
rNeg    . . .        c - +0 leather armour
rPois   +            (no helmet)
rElec   .            (no cloak)
rCorr   .            (no gloves)
SInv    +            (no barding)
Will    +....        (no amulet)
Stlth   +++          b - +4 ring of protection
HPRegen 0.32/turn    (no ring)
MPRegen 0.11/turn

%: no passive effects
@: heroic, slowed, very slow
A: AC +2, large, see invisible, deformed body, poison resistance, slowness 2,
spit poison 1, naga tail 1
a: Spit Poison, Renounce Religion


You were on level 5 of the Dungeon.
You worshipped Okawaru.
Okawaru was noncommittal.
You visited 2 branches of the dungeon, and saw 6 of its levels.

You collected 323 gold pieces.


Innate Abilities, Weirdness & Mutations

Your serpentine skin is tough. (AC +2)
You have supernaturally acute eyesight. (SInv)
Armour fits poorly on your strangely shaped body.
Your system is resistant to poisons. (rPois)
You cover ground very slowly.
You can spit poison.
You have a snake-like lower body.


   Skills:
 + Level 4.0(9.0) Fighting
 - Level 8.1(13.1) Ranged Weapons
 - Level 2.0(7.0) Dodging
 - Level 1.5(6.5) Stealth
 - Level 1.3 Invocations


You had 7 spell levels left.
You didn't know any spells.
Your spell library was empty.

Inventory:

Hand Weapons
 Y - a +2 shortbow (weapon)
Armour
 c - a +0 leather armour (worn)
Jewellery
 b - a +4 ring of protection (left hand)
Scrolls
 d - a scroll of torment {unknown}
 l - 2 scrolls of identify
 p - a scroll of acquirement {unknown}
Potions
 a - a potion of might {unknown}
 e - 5 potions of curing
 f - a potion of experience {unknown}
 g - a potion of attraction {unknown}
 h - a potion of cancellation {unknown}
 i - a potion of haste {unknown}
 j - a potion of heal wounds {unknown}
 k - a potion of mutation {unknown}
 m - a potion of ambrosia {unknown}
 n - a potion of enlightenment {unknown}
 o - a potion of lignification {unknown}

Dungeon Overview and Level Annotations

Branches:
Dungeon (5/15)             Temple (1/1) D:5

Altars:
Ashenzari
Dithmenos
Fedhas
Nemelex Xobeh
Okawaru
Qazlal
Ru
Sif Muna
Trog
Xom

Annotations:
D:3 3 runed translucent doors, qw's ghost, amateur GrFi


Message History

The shadow imp gestures at you. Pain shoots through your body!
You shoot an arrow. The arrow hits the centaur!
The centaur is almost dead.
The centaur barely misses you.
The centaur kicks you but does no damage.
The shadow imp shouts, "Go and return not, thou foppish ill-breeding joithead!"
The shadow imp barely misses you.
The centaur hits you with a +0 long sword.
The centaur closely misses you.
You shoot an arrow. The arrow hits the centaur.
You kill the centaur!
Okawaru accepts your kill.
You can now gain great but temporary skills.
The shadow imp closely misses you.
Your Ranged Weapons skill increases to level 8!
You have reached level 8!
You feel agile.
4042 ||| INVOKING Heroism.
You gain the combat prowess of a mighty hero.
You can no longer gain great but temporary skills.
The shadow imp hits you but does no damage.
You shoot an arrow. The arrow hits the wraith.
The wraith is lightly damaged.
The shadow imp gestures at you. Pain shoots through your body!
The wraith hits you but does no damage.
You shoot an arrow. The arrow barely misses the wraith.
The shadow imp hits you. The wraith hits you! The wraith drains your vigour!
You feel yourself slow down.
You shoot an arrow. The arrow hits the wraith.
The wraith is moderately damaged.
You have got your breath back.
The shadow imp barely misses you. The wraith hits you.
You shoot an arrow. The arrow hits the wraith.
The wraith is moderately damaged.
The shadow imp hits you but does no damage.
The wraith hits you!
You shoot an arrow. The arrow hits the wraith!
The wraith is heavily damaged.
The wraith hits you.
You die...

..........#..##.# #.##.##.##
....####''####....######.##......
[..##........##..........#####.##
..##...Wc.....##..#####..# #.##
.##............##.#####..#####...
#..............##.......)......#
#$...............######..#####..#
...............5..#...<..# #..#
...............W@.######.#####..#
...............)..####..........#
#........'.....#####...#
#........'.#..##..[##..#
.........####.#.ยค~).#..#
.........####.#.~~~.#
.........#....#.~~~.#...
........###.#.#.~~~.#.. ......#
#.#.#..~..#.#


You could see a wraith and a shadow imp.

Vanquished Creatures
  3 ogres (D:5)
  A centaur (D:5)
  A phantom (D:5)
  A scorpion (D:4)
  A howler monkey (D:5)
  2 hounds
  3 orc priests
  Jessica (D:2)
  10 adders
  4 gnolls (D:4)
  A white imp (D:5)
  An ufetubus (D:4)
  A worm (D:2)
  3 dart slugs (D:4)
  9 orcs
  10 endoplasms
  3 giant cockroaches
  6 goblins
  8 hobgoblins
  3 quokkas
  4 ball pythons
  8 bats
  3 frilled lizards
  9 kobolds
  4 rats
100 creatures vanquished.

Vanquished Creatures (collateral kills)
  A goblin (D:3)
1 creature vanquished.

Grand Total: 101 creatures vanquished

Notes
Turn   | Place    | Note
-------+----------+-------------------------------------------
     0 | D:1      | qw the Naga Hunter began the quest for the Orb.
     0 | D:1      | Reached XP level 1. HP: 19/19 MP: 1/1
     0 | D:1      | 0 ||| qw: Version: 0.2-a-29-gc1b59c4
     0 | D:1      | 0 ||| qw: Game counter: 4619
     0 | D:1      | 0 ||| qw: Always use a shield: true
     0 | D:1      | 0 ||| qw: God list: Okawaru
     0 | D:1      | 0 ||| qw: Allow faded altars: false
     0 | D:1      | 0 ||| qw: Do Orc after D:15 true
     0 | D:1      | 0 ||| qw: Do second Lair branch before Depths: true
     0 | D:1      | 0 ||| qw: Lair rune preference: random
     0 | D:1      | 0 ||| qw: Plans: Normal
     0 | D:1      | 0 ||| PLANNING D:1-11
    19 | D:1      | 19 ||| INVOKING Spit Poison.
    25 | D:1      | 25 ||| INVOKING Spit Poison.
   110 | D:1      | 110 ||| INVOKING Spit Poison.
   122 | D:1      | 122 ||| INVOKING Spit Poison.
   140 | D:1      | Reached skill level 4 in Ranged Weapons
   140 | D:1      | Reached XP level 2. HP: 26/26 MP: 2/2
   159 | D:1      | 159 ||| INVOKING Spit Poison.
   168 | D:1      | 168 ||| INVOKING Spit Poison.
   175 | D:1      | 175 ||| INVOKING Spit Poison.
   264 | D:1      | 264 ||| INVOKING Spit Poison.
   342 | D:1      | Found a faded altar of an unknown god.
   441 | D:1      | 441 ||| INVOKING Spit Poison.
   515 | D:1      | 515 ||| INVOKING Spit Poison.
   520 | D:1      | 520 ||| INVOKING Spit Poison.
   624 | D:1      | 624 ||| READING 2 scrolls labelled RAULOQ YXUT.
   625 | D:1      | 625 ||| READING scroll of enchant weapon.
   625 | D:1      | 625 ||| ENCHANTING +1 shortbow.
   626 | D:1      | 626 ||| READING scroll labelled RERAHEOKUPS.
   627 | D:1      | 627 ||| READING scroll labelled FIFREE WYCUAZO.
   628 | D:1      | 628 ||| READING scroll labelled RATHEA JOOTHUXT.
   629 | D:1      | 629 ||| DRINKING 2 black potions.
   630 | D:1      | 630 ||| DROPPING scroll of butterflies.
   682 | D:2      | 682 ||| INVOKING Spit Poison.
   683 | D:2      | Reached XP level 3. HP: 32/32 MP: 3/3
   689 | D:2      | 689 ||| INVOKING Spit Poison.
   692 | D:2      | 692 ||| INVOKING Spit Poison.
   699 | D:2      | 699 ||| INVOKING Spit Poison.
   804 | D:2      | 804 ||| INVOKING Spit Poison.
   817 | D:2      | 817 ||| INVOKING Spit Poison.
   842 | D:2      | 842 ||| INVOKING Spit Poison.
   865 | D:2      | 865 ||| INVOKING Spit Poison.
   868 | D:2      | 868 ||| INVOKING Spit Poison.
   893 | D:2      | 893 ||| INVOKING Spit Poison.
  1101 | D:2      | 1101 ||| INVOKING Spit Poison.
  1187 | D:2      | 1187 ||| INVOKING Spit Poison.
  1193 | D:2      | Reached skill level 5 in Ranged Weapons
  1193 | D:2      | Reached XP level 4. HP: 28/39 MP: 4/4
  1331 | D:2      | Noticed Jessica
  1332 | D:2      | Killed Jessica
  1399 | D:2      | 1399 ||| INVOKING Spit Poison.
  1532 | D:2      | 1532 ||| UPGRADING to +4 ring of protection.
  1533 | D:2      | 1533 ||| READING scroll labelled EMIRCH ZIULAI.
  1534 | D:2      | 1534 ||| READING scroll labelled ONUR FINOL.
  1535 | D:2      | 1535 ||| READING scroll labelled ROTHRE JICZIAS.
  1558 | D:3      | 1558 ||| INVOKING Spit Poison.
  1615 | D:3      | Found a runed translucent gate.
  1615 | D:3      | Found a runed translucent gate.
  1615 | D:3      | Found a runed translucent gate.
  1626 | D:3      | 1626 ||| INVOKING Spit Poison.
  1639 | D:3      | 1639 ||| INVOKING Spit Poison.
  1649 | D:3      | 1649 ||| INVOKING Spit Poison.
  1650 | D:3      | Reached skill level 3 in Fighting
  1671 | D:3      | 1671 ||| INVOKING Spit Poison.
  1676 | D:3      | 1676 ||| INVOKING Spit Poison.
  1693 | D:3      | 1693 ||| INVOKING Spit Poison.
  1695 | D:3      | Reached XP level 5. HP: 49/49 MP: 5/5
  1805 | D:3      | 1805 ||| INVOKING Spit Poison.
  1859 | D:3      | 1859 ||| INVOKING Spit Poison.
  1865 | D:3      | 1865 ||| READING scroll labelled PIKKOJ KIESCHAANN.
  1927 | D:3      | 1927 ||| INVOKING Spit Poison.
  1981 | D:3      | Noticed qw's ghost (amateur GrFi)
  2085 | D:3      | 2085 ||| INVOKING Spit Poison.
  2091 | D:3      | 2091 ||| INVOKING Spit Poison.
  2097 | D:3      | 2097 ||| INVOKING Spit Poison.
  2104 | D:3      | 2104 ||| INVOKING Spit Poison.
  2379 | D:3      | 2379 ||| READING scroll labelled QUFICK MESENA.
  2380 | D:3      | 2380 ||| READING 2 scrolls labelled ILIULEW TOPUZ.
  2381 | D:3      | 2381 ||| DROPPING scroll of amnesia.
  2445 | D:4      | 2445 ||| INVOKING Spit Poison.
  2447 | D:4      | Reached skill level 6 in Ranged Weapons
  2447 | D:4      | Reached XP level 6. HP: 56/56 MP: 6/6
  2465 | D:4      | 2465 ||| INVOKING Spit Poison.
  2569 | D:4      | 2569 ||| INVOKING Spit Poison.
  2656 | D:4      | 2656 ||| INVOKING Spit Poison.
  2689 | D:4      | 2689 ||| READING 2 scrolls labelled ZEDEAXZ JITTOA.
  2691 | D:4      | 2691 ||| INVOKING Spit Poison.
  2695 | D:4      | 2695 ||| INVOKING Spit Poison.
  2702 | D:4      | 2702 ||| INVOKING Spit Poison.
  2730 | D:4      | 2730 ||| INVOKING Spit Poison.
  2733 | D:4      | 2733 ||| INVOKING Spit Poison.
  2753 | D:4      | 2753 ||| INVOKING Spit Poison.
  2799 | D:4      | 2799 ||| INVOKING Spit Poison.
  2806 | D:4      | 2806 ||| INVOKING Spit Poison.
  3001 | D:4      | 3001 ||| INVOKING Spit Poison.
  3181 | D:4      | 3181 ||| INVOKING Spit Poison.
  3234 | D:5      | Entered Level 5 of the Dungeon
  3234 | D:5      | Found a staircase to the Ecumenical Temple.
  3235 | D:5      | 3235 ||| PLANNING TEMPLE
  3235 | D:5      | 3235 ||| STAIRDANCE
  3242 | D:5      | 3242 ||| INVOKING Spit Poison.
  3248 | D:5      | 3248 ||| INVOKING Spit Poison.
  3253 | Temple   | Entered the Ecumenical Temple
  3285 | Temple   | 3285 ||| PLANNING OKAWARU WORSHIP
  3348 | Temple   | Became a worshipper of Warmaster Okawaru
  3348 | Temple   | 3348 ||| PLANNING D:1-11
  3381 | D:5      | 3381 ||| INVOKING Spit Poison.
  3387 | D:5      | Reached XP level 7. HP: 33/64 MP: 7/7
  3552 | D:5      | 3552 ||| INVOKING Spit Poison.
  3556 | D:5      | Reached skill level 7 in Ranged Weapons
  3566 | D:5      | Noticed a wraith
  3577 | D:5      | 3577 ||| INVOKING Spit Poison.
  3578 | D:5      | HP: 15/64 [wraith (5)]
  3579 | D:5      | 3579 ||| READING 2 scrolls of teleportation.
  3581 | D:5      | 3581 ||| READING scroll of teleportation.
  3600 | D:5      | 3600 ||| INVOKING Spit Poison.
  3604 | D:5      | 3604 ||| INVOKING Spit Poison.
  3607 | D:5      | 3607 ||| INVOKING Spit Poison.
  3609 | D:5      | Reached * piety under Okawaru
  3610 | D:5      | 3610 ||| INVOKING Heroism.
  3613 | D:5      | HP: 16/64 [white imp (1)]
  3617 | D:5      | 3617 ||| INVOKING Spit Poison.
  3618 | D:5      | HP: 9/64 [ogre/+0 giant club (4)]
  3817 | D:5      | Reached skill level 1 in Invocations
  3861 | D:5      | 3861 ||| INVOKING Spit Poison.
  3934 | D:5      | 3934 ||| INVOKING Heroism.
  3969 | D:5      | 3969 ||| INVOKING Spit Poison.
  4028 | D:5      | 4028 ||| INVOKING Spit Poison.
  4031 | D:5      | 4031 ||| INVOKING Spit Poison.
  4038 | D:5      | 4038 ||| INVOKING Spit Poison.
  4042 | D:5      | Reached skill level 8 in Ranged Weapons
  4042 | D:5      | Reached XP level 8. HP: 30/72 MP: 9/9
  4042 | D:5      | 4042 ||| INVOKING Heroism.
  4044 | D:5      | HP: 12/72 [wraith (7)]
  4046 | D:5      | HP: 2/72 [wraith (9)]
  4047 | D:5      | Slain by a wraith

Levels and vault maps discovered:
D:1:      dpeg_arrival_tiny_g, layout_basic, basic_ecumenical_altar
D:2:      layout_loops_corners, uniq_jessica
D:3:      layout_basic, gammafunk_ghost_icy, minmay_misc_feat_enclosed,
          columned_hall_lemuel, nicolae_concentric_dashed_squares_mild,
          nicolae_half_adder
D:4:      layout_loops_ring, serial_co_window_serial, co_window_paths_a,
          co_window_paths_a, co_window_corner_a, co_window_of_opportunity_a,
          co_window_paths_a, co_window_paths_a, co_window_of_opportunity_a,
          co_window_unsneaky_path_e, co_window_corner_ca,
          co_window_of_opportunity_c, glass_columns_b, glass_columns_b,
          glass_columns_a, glass_columns_b
D:5:      kennysheep_big_flooded_room, layout_loops_ring,
          mainiacjoe_overflow_concentric_impassable, minmay_temple_entry_grid,
          minmay_fire_ice_demons
Temple:   compressed_dpeg_circular_temple

Skill      XL: |  1  2  3  4  5  6  7 |
---------------+----------------------+-----
Ranged Weapons | 4 5 6 8 |  8.1
Fighting       | 3 4 |  4.0
Dodging        | 2 |  2.0
Invocations    | 1 |  1.3
Stealth        | |  1.5

Action                     |  1- 3 |  4- 6 |  7- 9 || total
---------------------------+-------+-------+-------++-------
   Fire: Shortbow          |    46 |   109 |    68 ||   223
 Invoke: Heroism           |       |       |     3 ||     3
Ability: Spit Poison       |    23 |    32 |    11 ||    66
    Use: Scroll            |     5 |     7 |     2 ||    14
         Potion            |     1 |       |       ||     1
 Armour: Leather armour    |     5 |    18 |    22 ||    45
  Dodge: Dodged            |     3 |    26 |    33 ||    62

Table legend:
 A = Non-vault XP
 B = Vault XP
 C = Vault XP percentage of total XP
 D = Non-vault monster count
 E = Vault monster count
 F = Vault count percentage of total count
                 A         B        C        D         E       F
            +---------+---------+-------+---------+---------+-------
      Total |    1093 |     214 |  16.4 |      94 |       7 |   6.9
            +---------+---------+-------+---------+---------+-------
        D:1 |      33 |       0 |   0.0 |      20 |       0 |   0.0
        D:2 |      52 |      37 |  41.6 |      15 |       1 |   6.2
        D:3 |      83 |      52 |  38.5 |      25 |       4 |  13.8
        D:4 |     252 |       0 |   0.0 |      22 |       0 |   0.0
        D:5 |     673 |     125 |  15.7 |      12 |       2 |  14.3
            +---------+---------+-------+---------+---------+-------
